 Dungeon Crawl Stone Soup version 0.26-a0-1205-g4083c211ab (webtiles) character file.

Game seed: 4594695568482520778

2 CurlyBrace the Sneak (level 1, 0/10 HPs)
             Began as a Felid Delver on Dec 29, 2020.
             Slain by a worker ant (5 damage)
             ... on level 4 of the Dungeon.
             The game lasted 00:01:42 (124 turns).

CurlyBrace the Sneak (Felid Delver)                  Turns: 124, Time: 00:01:42

Health: 0/10       AC:  1    Str:  8    XL:     1   Next: 25%
Magic:  2/2        EV: 18    Int: 11    God:
Gold:   17         SH:  5    Dex: 17    Spells: 0/0 levels left
                                        Lives:  0   Deaths: 0

rFire    . . .     SeeInvis +     - Unarmed
rCold    . . .     Faith    .   (shield unavailable)
rNeg     . . .     Spirit   .   (armour unavailable)
rPois    .         Reflect  +   (helmet unavailable)
rElec    .         Harm     .   (cloak unavailable)
rCorr    .         Rampage  .   (gloves unavailable)
Will     .....                  (boots unavailable)
Stlth    ++++......             f - amulet of reflection
HPRegen  0.03/turn              (no ring)
MPRegen  0.08/turn              (no ring)

@: quick
A: very small, no armour, no weapons or thrown items, stealth, claws 1, fangs 3,
see invisible, speed 1, shaggy fur 1, sharp paws
a: no special abilities


You were on level 4 of the Dungeon.
You visited 1 branch of the dungeon, and saw 4 of its levels.

You collected 17 gold pieces.

Inventory:

Jewellery
 f - an amulet of reflection (around neck)
Wands
 e - a wand of digging (3)
Scrolls
 a - a scroll of fog
 b - a scroll of amnesia {unknown}
 c - a scroll of fear
 g - a scroll of identify {unknown}
 h - a scroll of enchant armour {unknown}
Potions
 d - a potion of haste


   Skills:
 - Level 3.0 Fighting
 + Level 2.8 Dodging
 + Level 6.6 Stealth
 - Level 2.0 Unarmed Combat


You couldn't memorise any spells.
You didn't know any spells.
Your spell library was empty.

Dungeon Overview and Level Annotations

Branches:
Dungeon (7/15)
 Temple: D:4-7

Altars:


Innate Abilities, Weirdness & Mutations

You cannot wear armour.
You are incapable of wielding weapons or throwing items.
Your paws allow you to move quietly. (Stealth)
You have sharp claws.
You have razor-sharp teeth.
You have supernaturally acute eyesight. (SInv)
You cover ground quickly.
You are covered in fur. (AC +1)
Your sharp claws are effective at attacking unaware monsters.


Message History

There is a stone staircase leading up here.
You climb upwards.
There is a stone staircase leading down here.
Found 11 arrows and 15 gold pieces.
There is a stone staircase leading up here.
You climb upwards.
There is a stone staircase leading down here.
Found 17 gold pieces.
You now have 17 gold pieces.
A leopard gecko skeleton comes into view.
The leopard gecko skeleton barely misses you.
The leopard gecko skeleton bites you.
A worker ant comes into view.
The worker ant moves out of view.
An adder comes into view.
The worker ant barely misses you.
Found 14 gold pieces, a leather armour and 17 arrows.
You open the door. The worker ant bites you.
Ouch! That really hurt!
You die...

### #.. ###.# ######
#...##########
#...(###.#...........
#...['...#.###.......
####$..@# #.# #.......
#......B# #.# #.......
#.......# #.# #.......
#.......# #.# #.......
#......Z#####.###.......
...........Z.............
.....#...#####.##......##
#........# #.##.....#.
#.S....... ..##.....#.


You could see a worker ant and a leopard gecko skeleton.

Vanquished Creatures
  An orc (D:6)
1 creature vanquished.

Notes
Turn   | Place    | Note
-------+----------+-------------------------------------------
     0 | D:5      | CurlyBrace the Felid Delver began the quest for the Orb.
     0 | D:5      | Reached XP level 1. HP: 10/10 MP: 2/2
    32 | D:7      | Noticed an orc warrior
    32 | D:7      | Noticed an orc priest
    46 | D:6      | Noticed an orc wizard
   113 | D:4      | Noticed a worker ant
   124 | D:4      | Slain by a worker ant

Illustrated notes

Levels and vault maps discovered:
D:4:      layout_basic, minmay_temple_entry_mist
D:5:      layout_gridville, nicolae_tso_carved_into_rock, sword_in_stone
D:6:      layout_basic, serial_curves, eino_curves_03, eino_curves_04,
          eino_curves_02
D:7:      layout_loops_cross, lemuel_doored_altar, basic_altar,
          ebering_ghost_rock_garden

Action                   || total
-------------------------++-------
Melee: Unarmed           ||     3
  Use: Scroll            ||     1
Dodge: Dodged            ||     3

Table legend: (Time is in decaauts)
 A = Elapsed time spent in this place.
 B = Non-inter-level travel time spent in this place.
 C = Inter-level travel time spent in this place.
 D = Time resting spent in this place.
 E = Time spent auto-exploring this place.
 F = Levels seen in this place.
 G = Mean time per level.
                   A        B        C        D        E       F      G
               +--------+--------+--------+--------+--------+-----+--------+
         Total |    104 |    104 |      0 |      0 |      0 |   4 |   26.0 |
       Dungeon |    104 |    104 |      0 |      0 |      0 |   4 |   26.0 |
               +--------+--------+--------+--------+--------+-----+--------+

Top non-repeatable levels by time:
     D:6: 54 daAuts
     D:4: 25 daAuts
     D:7: 18 daAuts
     D:5: 5 daAuts
